 Dungeon Crawl Stone Soup version 0.26-a0-652-gafc20e3620 (webtiles) character file.

Game seed: 7461052878985551049

830 dolemite99 the Ruffian (level 7, -7/70 HPs)
             Began as a Troll Transmuter on Oct 4, 2020.
             Was a Follower of Wu Jian.
             Mangled by a gnoll sergeant
             ... wielding a +5 spear of venom
              (11 damage)
             ... on level 5 of the Dungeon.
             The game lasted 00:07:25 (5114 turns).

dolemite99 the Ruffian (Troll Transmuter)           Turns: 5114, Time: 00:07:25

Health: -7/70      AC:  6    Str: 19    XL:     7   Next: 65%
Magic:  7/7        EV: 10    Int: 11    God:    Wu Jian [*.....]
Gold:   335        SH:  0    Dex: 10    Spells: 2/8 levels left

rFire    . . .     SeeInvis .     - Unarmed
rCold    . . .     Faith    .   (no shield)
rNeg     . . .     Spirit   .   u - +0 robe
rPois    .         Reflect  .   (helmet restricted)
rElec    .         Harm     .   (no cloak)
rCorr    .         Rampage  .   (gloves unavailable)
MR       .....                  (boots unavailable)
Stlth    +.........             (no amulet)
HPRegen  0.61/turn              (no ring)
MPRegen  0.10/turn              (no ring)

@: brilliant, lethally poisoned (-7 -> -19)
A: large, unfitting armour, claws 3, regeneration 1, shaggy fur 1, tough skin 3
a: Renounce Religion


You were on level 5 of the Dungeon.
You worshipped Wu Jian.
Wu Jian was aware of your devotion.
You visited 1 branch of the dungeon, and saw 5 of its levels.

You collected 335 gold pieces.

Inventory:

Hand Weapons
 a - a +0 shortbow
Missiles
 c - 124 stones (quivered)
 v - 32 arrows
 w - 38 bolts
Armour
 u - a +0 robe (worn)
Jewellery
 h - a cursed amulet of inaccuracy {unknown}
 i - an uncursed ring of wizardry {unknown}
Scrolls
 b - a scroll of fog {unknown}
 d - 2 scrolls of remove curse {unknown}
 f - 2 scrolls of magic mapping
 n - a scroll of enchant weapon {unknown}
 t - a scroll of immolation
Potions
 e - 2 potions of degeneration
 g - a potion of stabbing {unknown}
 j - a potion of magic
 m - a potion of resistance {unknown}
 p - a potion of berserk rage
 q - 2 potions of brilliance
 x - a potion of mutation {unknown}


   Skills:
 + Level 4.1 Fighting
 - Level 1.5 Dodging
 - Level 7.6 Unarmed Combat
 - Level 1.2 Spellcasting
 - Level 1.3 Transmutations


You had 2 spell levels left.
You knew the following spells:

 Your Spells              Type           Power        Failure   Level
a - Beastly Appendage     Tmut           #.....       19%         1
b - Wereblood             Tmut           #.......     26%         2
c - Spider Form           Tmut/Pois      #.........   56%         3

Your spell library contained the following spells:

 Spells                   Type           Power        Failure   Level
 Ice Form                 Ice/Tmut       #.......     93%         4
 Blade Hands              Tmut           #.........   99%         5


Dungeon Overview and Level Annotations

Branches:
Dungeon (5/15)             Temple (0/1) D:4

Altars:
Wu Jian
Yredelemnul


Innate Abilities, Weirdness & Mutations

You are too large for most types of armour.
You have claws for hands.
Your natural rate of healing is unusually fast.
You are covered in fur. (AC +1)
You have extremely tough skin. (AC +3)


Message History

Things that are here:
a +0 flail; a +0 halberd You barely miss the gnoll sergeant.
The gnoll sergeant is heavily wounded.
You feel sick. The gnoll sergeant barely misses you.
You scratch the gnoll sergeant but do no damage.
The gnoll sergeant is heavily wounded.
You feel sick. The gnoll sergeant barely misses you.
The gnoll sergeant blocks your attack.
The gnoll sergeant is heavily wounded.
You feel sick.
The gnoll sergeant hits you with a +5 spear of venom!
* * * LOW HITPOINT WARNING * * *
You are more poisoned.
You barely miss the gnoll sergeant.
The gnoll sergeant is heavily wounded.
* * * LOW HITPOINT WARNING * * *
You feel sick.
The gnoll sergeant hits you with a +5 spear of venom!
You die...

#..# ###.#.#
##.#.#..#.##.#
#..#####...#.#
#..#<.......#
#............#
###.#.#.#...#
#.###......###
#.#..##...# * #.#
#..##..#
#,###.#†..## * #.*
#..##..# *,*
##...... *
#.###.[##..# *,*
###.### *
#......##..######
*,* #.# *
######.##..).)@g#
*,* #.# *
*#.###.####.# *,*
**.# * **......#
*(# *,* *,.#
******,......# *.#
*,* **,##
,,,,,,.......# *.#
*,* **,,,**
**,,,*.......#***.#
*,***,*,*,**
*,,,,........,,,.#
*,,,,,,,,,,,
*,,,*######.****##
*****,*,,,,,
**,,,,,,,,,,*
**,,,**,


You could see a gnoll sergeant.

Vanquished Creatures
  A phantom (D:5)
  A centaur (D:4)
  A howler monkey (D:4)
  2 hounds
  4 orc priests
  5 orc wizards
  Jessica (D:2)
  An iguana (D:4)
  2 worker ants
  5 gnolls (D:5)
  4 adders
  An ufetubus (D:5)
  An ooze (D:2)
  An adder skeleton (D:4)
  4 worms
  3 dart slugs
  4 leopard geckos
  18 orcs
  7 giant cockroaches
  4 goblins
  4 hobgoblins
  5 quokkas
  A ball python (D:2)
  8 bats
  4 frilled lizards
  5 kobolds
  A quokka skeleton (D:4)
  4 rats
102 creatures vanquished.

Notes
Turn   | Place    | Note
-------+----------+-------------------------------------------
     0 | D:1      | dolemite99 the Troll Transmuter began the quest for the
                  | Orb.
     0 | D:1      | Reached XP level 1. HP: 18/18 MP: 1/1
   154 | D:1      | Reached XP level 2. HP: 26/26 MP: 2/2
   506 | D:2      | Reached skill level 4 in Unarmed Combat
   658 | D:2      | Reached XP level 3. HP: 29/32 MP: 1/3
  1058 | D:2      | Noticed Jessica
  1065 | D:2      | Killed Jessica
  1216 | D:2      | Reached XP level 4. HP: 40/40 MP: 4/4
  1351 | D:2      | Reached skill level 5 in Unarmed Combat
  2114 | D:3      | Reached XP level 5. HP: 15/46 MP: 2/5
  2643 | D:3      | Found an ornate altar of the Wu Jian Council.
  2658 | D:3      | Became a worshipper of the Wu Jian Council
  2906 | D:4      | Reached skill level 6 in Unarmed Combat
  2991 | D:4      | Noticed a centaur
  3024 | D:4      | Killed a centaur
  3024 | D:4      | Reached skill level 7 in Unarmed Combat
  3024 | D:4      | Reached XP level 6. HP: 28/54 MP: 2/6
  3799 | D:4      | Reached skill level 1 in Fighting
  4028 | D:4      | Reached XP level 7. HP: 64/65 MP: 5/7
  4380 | D:4      | Learned a level 2 spell: Wereblood
  4385 | D:4      | Learned a level 3 spell: Spider Form
  4426 | D:4      | Found a staircase to the Ecumenical Temple.
  4539 | D:5      | Entered Level 5 of the Dungeon
  4581 | D:5      | Found a basalt altar of Yredelemnul.
  4603 | D:5      | Reached * piety under Wu Jian
  5114 | D:5      | Mangled by a gnoll sergeant

Illustrated notes

Levels and vault maps discovered:
D:1:      wander_arrival_peaceful_grave, layout_rooms
D:2:      layout_rooms, uniq_jessica
D:3:      layout_rooms, old_standard_altar
D:4:      layout_basic, minmay_temple_entry_proselytizer,
          cheibrodos_sewer_entry_sluice, st_stairs_6
D:5:      layout_loops_ring, gammafunk_temple_overflow_elements, basic_altar

Skill      XL: |  1  2  3  4  5  6  7 |
---------------+----------------------+-----
Unarmed Combat | 4 5 7 |  7.6
Fighting       | 2 4 |  4.1
Dodging        | |  1.5
Spellcasting   | |  1.2
Transmutations | |  1.3

Action                   |  1- 3 |  4- 6 |  7- 9 || total
-------------------------+-------+-------+-------++-------
Melee: Unarmed           |    91 |    95 |    36 ||   222
       Punch             |     2 |     4 |     1 ||     7
       Kick              |       |     8 |     4 ||    12
       Headbutt          |       |     6 |     2 ||     8
 Fire: Shortbow          |       |    47 |    54 ||   101
Throw: Stone             |    29 |    21 |    18 ||    68
 Cast: Beastly Appendage |     2 |     9 |     2 ||    13
       Wereblood         |       |       |     1 ||     1
Invok: Lunge             |       |     3 |     4 ||     7
  Use: Potion            |       |     1 |     8 ||     9
       Scroll            |       |     4 |     3 ||     7
 Stab: Sleeping          |       |     1 |       ||     1
Armor: Robe              |    47 |    38 |    18 ||   103
       Skin              |       |       |    36 ||    36
Dodge: Dodged            |    54 |    64 |    29 ||   147

Table legend: (Time is in decaauts)
 A = Elapsed time spent in this place.
 B = Non-inter-level travel time spent in this place.
 C = Inter-level travel time spent in this place.
 D = Time resting spent in this place.
 E = Time spent auto-exploring this place.
 F = Levels seen in this place.
 G = Mean time per level.
                   A        B        C        D        E       F      G
               +--------+--------+--------+--------+--------+-----+--------+
         Total |   5120 |   5009 |    111 |   2362 |   1584 |   5 | 1024.0 |
       Dungeon |   5120 |   5009 |    111 |   2362 |   1584 |   5 | 1024.0 |
               +--------+--------+--------+--------+--------+-----+--------+

Top non-repeatable levels by time:
     D:4: 1672 daAuts
     D:3: 1296 daAuts
     D:2: 1075 daAuts
     D:5: 578 daAuts
     D:1: 498 daAuts
